 Seeded DCSS version 0.30.0-29-ga12c61a403 (webtiles) character file.

Game seed: 2548676163996556554 (custom seed)

28 CInkIbrahim the Shield-Bearer (level 3, 23/23 HPs)
             Began as a Gargoyle Fighter on June 5, 2023.
             Quit the game on level 1 of the Dungeon.
             The game lasted 00:00:33 (569 turns).

CInkIbrahim the Shield-Bearer (Gargoyle Fighter)     Turns: 569, Time: 00:00:33

Health: 23/23      AC: 10    Str: 21    XL:     3   Next: 14%
Magic:  3/3        EV:  9    Int:  8    God:
Gold:   50         SH:  4    Dex:  9    Spells: 2/2 levels left

rFire   . . .        a - +0 war axe
rCold   . . .        c - +0 buckler
rNeg    + . .        b - +0 scale mail
rPois   ∞            (no helmet)
rElec   +            (no cloak)
rCorr   .            (no gloves)
SInv    .            (no boots)
Will    .....        (no amulet) Stlth
                     (no ring)
HPRegen 0.23/turn    (no ring)
MPRegen 0.08/turn

%: no passive effects
@: no status effects
A: sickness immunity, AC +3, negative energy resistance 1, electricity
resistance, torment resistance 1, petrification resistance
a: no special abilities


You were on level 1 of the Dungeon.
You visited 1 branch of the dungeon, and saw 1 of its levels.

You collected 50 gold pieces.

Inventory:

Hand Weapons
 a - a +0 war axe (weapon)
Armour
 b - a +0 scale mail (worn)
 c - a +0 buckler (worn)
Jewellery
 e - an amulet of reflection
Scrolls
 h - a scroll of fear {unknown}
Potions
 d - a potion of might
 f - a potion of curing {unknown}
 g - 2 potions of resistance {unknown}
 i - a potion of invisibility {unknown}


   Skills:
 - Level 3.2 Fighting
 + Level 3.2 Axes
 - Level 3.2 Armour
 - Level 3.2 Shields


You had 2 spell levels left.
You didn't know any spells.
Your spell library was empty.

Dungeon Overview and Level Annotations

Branches:
Dungeon (1/15)

Altars:

Shops:
D:1 (


Innate Abilities, Weirdness & Mutations

You are immune to sickness and miasma.
Your stone body is resilient. (AC +3)
You are immune to poison.
You resist negative energy. (rN+)
You are resistant to electric shocks. (rElec)
You are resistant to unholy torment.
You are immune to petrification.


Message History

You kill the rat!
A hobgoblin comes into view.
The hobgoblin shouts!
The hobgoblin hits you but does no damage.
A hobgoblin is nearby!
You closely miss the hobgoblin. The hobgoblin barely misses you.
A hobgoblin is nearby!
You slash the hobgoblin!
You kill the hobgoblin!
You see here a hobgoblin corpse.
You see here a hobgoblin corpse.
Key pressed, stopping explore.
No target in view!
You now have 50 gold pieces (gained 18).
A rat comes into view.
Found a whip.
A rat is nearby!
A rat is nearby!
The rat bites you but does no damage.
A rat is nearby!
You slash the rat!
You kill the rat!
You see here a rat corpse.
You see here a +0 whip.
Found a stone staircase leading down.
No target in view!
Found an escape hatch in the floor.
No target in view!
i - a white potion No target in view!
There is an escape hatch in the floor here.
A goblin comes into view. It is wielding a +0 dagger.
The goblin shouts!
You hit the goblin.
You kill the goblin!
You see here a +0 dagger.
Found Woadwoz's Antique Weapon Boutique.
No target in view!
There is an entrance to Woadwoz's Antique Weapon Boutique here.
Are you sure you want to abandon this character and quit the game? (Confirm with "yes".)

########.....#
.......#.....#
#.........# ####
#.♣.♣.....# #[.
♣.♣.....# ####[###
♣.♣##.### #......#
♣.♣#..# #.##.#.#
######♣.♣#.##
#....#.###.....♣@♣#.#
#.#..#.........♣♣♣#.#
#...##..##.....#
#.######
#..###..##.....#
#....).#
........##.....#
#.####.#
##.####.##.#.###
#....#.#
.#.####.##.#.#
#.##.#.#
.#...##.[....##
#......#
.###.#####....##
####.###


There were no monsters in sight!

Vanquished Creatures
  2 dart slugs (D:1)
  A ball python (D:1)
  2 endoplasms (D:1)
  A giant cockroach (D:1)
  2 goblins (D:1)
  A hobgoblin (D:1)
  5 kobolds (D:1)
  A quokka (D:1)
  2 bats (D:1)
  2 frilled lizards (D:1)
  4 rats (D:1)
23 creatures vanquished.

Notes
Turn   | Place    | Note
-------+----------+-------------------------------------------
     0 | D:1      | CInkIbrahim the Gargoyle Fighter began the quest for the
                  | Orb.
     0 | D:1      | Reached XP level 1. HP: 14/14 MP: 1/1
    64 | D:1      | Reached XP level 2. HP: 19/19 MP: 2/2
   305 | D:1      | Reached XP level 3. HP: 23/23 MP: 3/3
   562 | D:1      | Found Woadwoz's Antique Weapon Boutique.
   569 | D:1      | Quit the game

Illustrated notes

Levels and vault maps discovered:
D:1:      scummos_arrival_simple_fountains, layout_loops_cross, serial_glass,
          glass_columns_c, glass_columns_a, glass_columns_a, glass_columns_a,
          glass_columns_a, glass_columns_a, serial_shops, nicolae_shop_peninsula

Skill      XL: |  1  2 |
---------------+-------+-----
Axes           | 2 3 |  3.2
Fighting       | |  3.2
Armour         | |  3.2
Shields        | |  3.2

Action                     || total
---------------------------++-------
  Melee: War axe           ||    55
 Armour: Scale mail        ||    34
  Dodge: Dodged            ||    23
  Block: Buckler           ||    13
